 Dungeon Crawl Stone Soup version 0.23-a0-183-gf37f6fb (webtiles) character file.

1612 Felrender the Cleaver (level 8, 0/69 HPs)
             Began as a Minotaur Fighter on Sept 21, 2018.
             Was a Follower of Okawaru.
             Engulfed by a steam dragon's steam (2 damage)
             ... on level 6 of the Dungeon.
             The game lasted 00:12:57 (4895 turns).

Felrender the Cleaver (Minotaur Fighter)            Turns: 4895, Time: 00:12:58

Health: 0/69       AC: 12    Str: 27    XL:     8   Next: 63%
Magic:  7/7        EV:  7    Int:  5    God:    Okawaru [*.....]
Gold:   234        SH: 11    Dex: 10    Spells: 7/7 levels left

rFire    . . .     SeeInvis .   a - +0 war axe
rCold    . . .     Gourm    .   c - +0 shield
rNeg     . . .     Faith    .   l - +0 chain mail
rPois    .         Spirit   .   (helmet restricted)
rElec    .         Reflect  .   (no cloak)
rCorr    .         Harm     .   (no gloves)
MR       .....                  n - +1 pair of boots
Stlth    ..........             (no amulet)
HPRegen  0.21/turn              b - +4 ring of strength
MPRegen  0.10/turn              (no ring)

@: no status effects
A: retaliatory headbutt, horns 2
a: Heroism, Renounce Religion


You were on level 6 of the Dungeon.
You worshipped Okawaru.
Okawaru was aware of your devotion.
You were full.

You visited 1 branch of the dungeon, and saw 6 of its levels.

You collected 234 gold pieces.

Inventory:

Hand Weapons
 a - a +0 war axe (weapon)
 i - a -1 hand axe
 p - a +0 halberd
 s - a +3 flail of crushing
Armour
 c - a +0 shield (worn)
 l - a +0 chain mail (worn)
 n - a +1 pair of boots (worn)
Jewellery
 b - a +4 ring of strength (left hand)
Wands
 e - a wand of flame (20)
 h - a wand of digging (18)
 r - a wand of paralysis (11)
Scrolls
 j - a scroll of teleportation
 q - a scroll of identify
 t - 2 scrolls of fog {unknown}
 u - 2 scrolls of remove curse
 v - a scroll of magic mapping {unknown}
Potions
 d - a potion of mutation {unknown}
 g - a potion of brilliance {unknown}
 k - a potion of flight {unknown}
 m - 3 potions of curing {unknown}
Comestibles
 f - 6 rations


   Skills:
 + Level 5.6 Fighting
 + Level 8.1 Axes
 + Level 5.9 Armour
 + Level 2.2 Dodging
 + Level 6.3 Shields
 * Level 5.2 Unarmed Combat


You had 7 spell levels left.
You didn't know any spells.
Your spell library was empty.

Dungeon Overview and Level Annotations

Branches:
Dungeon (6/15)             Temple (0/1) D:4

Altars:
Ashenzari
Cheibriados
Elyvilon
Makhleb
Nemelex Xobeh
Okawaru
Qazlal
Ru
Trog
Uskayaw
Vehumet
Wu Jian
Zin


Innate Abilities, Weirdness & Mutations

You reflexively headbutt those who attack you in melee.
You have a pair of horns on your head.


Message History

Your Axes skill increases to level 8!
You hit the steam dragon but do no damage.
You headbutt the steam dragon, but do no damage.
The steam dragon breathes steam at you. The ball of steam hits you!
* * * LOW HITPOINT WARNING * * *
You hear a shout! x2
You hit the steam dragon. You headbutt the steam dragon.
The steam dragon is lightly wounded.
You are engulfed in a cloud of scalding steam.
You hear an angry hiss.
The steam dragon breathes steam at you. The ball of steam hits you!
* * * LOW HITPOINT WARNING * * *
You block the steam dragon's attack. x2
You hear a shout!
You hit the steam dragon. Your headbutt misses the steam dragon.
The steam dragon is moderately wounded.
You are engulfed in a cloud of scalding steam.
You die...

#.....#.#.
#........
....[.# ....
#.#####.#..
#..<......#####
#.#########≈≈≈
#.#.######§§§..
#§[§@D..#§§§§.#
#######.#§§8..#
#§#§§§..#
#D##§.§##
#..##§##
##...§§#
##...## #####


You could see a steam dragon.

Vanquished Creatures
  Pikel (D:4)
  A steam dragon (D:6)
  Edmund (D:4)
  A slave (D:4)
  3 ogres
  A centaur (D:5)
  Blork the orc (D:4)
  A scorpion (D:5)
  A jelly (D:5)
  3 hounds
  2 orc priests
  Ijyb (D:4)
  A worker ant (D:4)
  A hound skeleton (D:5)
  5 gnolls
  6 adders
  An adder zombie (D:5)
  An adder skeleton (D:5)
  2 worms (D:2)
  2 dart slugs
  4 leopard geckos
  10 orcs
  A ball python (D:2)
  8 bats
  14 giant cockroaches
  11 hobgoblins
  8 jackals
  2 quokkas
  5 frilled lizards
  14 goblins
  7 kobolds
  A quokka skeleton (D:4)
  5 rats
  A butterfly (D:4)
127 creatures vanquished.

Notes
Turn   | Place    | Note
-------+----------+-------------------------------------------
     0 | D:1      | Felrender the Minotaur Fighter began the quest for the Orb.
     0 | D:1      | Reached XP level 1. HP: 19/19 MP: 0/0
   110 | D:1      | Reached XP level 2. HP: 25/27 MP: 1/1
   212 | D:1      | Reached skill level 1 in Unarmed Combat
   380 | D:1      | Reached XP level 3. HP: 5/33 MP: 2/2
   985 | D:2      | Reached skill level 3 in Axes
  1035 | D:2      | Reached XP level 4. HP: 37/40 MP: 3/3
  1316 | D:2      | Found a glowing silver altar of Zin.
  1787 | D:3      | Reached skill level 4 in Axes
  1787 | D:3      | Reached XP level 5. HP: 38/47 MP: 4/4
  2212 | D:3      | Found a faded altar of an unknown god.
  2227 | D:3      | Found a bloodstained altar of Trog.
  2453 | D:4      | Noticed Blork the orc
  2466 | D:4      | Killed Blork the orc
  2466 | D:4      | Reached skill level 1 in Dodging
  2466 | D:4      | Reached XP level 6. HP: 28/53 MP: 5/5
  2484 | D:4      | Reached skill level 5 in Axes
  2619 | D:4      | Found a snail-covered altar of Cheibriados.
  2720 | D:4      | Found a radiant altar of Vehumet.
  2752 | D:4      | Noticed Ijyb
  2766 | D:4      | Killed Ijyb
  2787 | D:4      | Found a hide-covered altar of Uskayaw.
  2850 | D:4      | Found an iron altar of Okawaru.
  2858 | D:4      | Became a worshipper of Warmaster Okawaru
  3136 | D:4      | Noticed a slave
  3136 | D:4      | Noticed a slave
  3136 | D:4      | Noticed a slave
  3136 | D:4      | Noticed Pikel
  3138 | D:4      | Noticed a slave
  3150 | D:4      | Killed a slave
  3155 | D:4      | Killed Pikel
  3155 | D:4      | Reached skill level 5 in Fighting
  3155 | D:4      | Reached skill level 6 in Axes
  3155 | D:4      | Reached skill level 5 in Shields
  3155 | D:4      | Reached XP level 7. HP: 26/61 MP: 6/6
  3482 | D:4      | Noticed Edmund
  3496 | D:4      | Killed Edmund
  3496 | D:4      | Reached * piety under Okawaru
  3496 | D:4      | Reached skill level 5 in Armour
  3509 | D:4      | Found a burning altar of Makhleb.
  3509 | D:4      | Found a sparkling altar of Nemelex Xobeh.
  3513 | D:4      | Found a sacrificial altar of Ru.
  3513 | D:4      | Found a white marble altar of Elyvilon.
  3514 | D:4      | Reached XP level 8. HP: 68/68 MP: 7/7
  3531 | D:4      | Found a staircase to the Ecumenical Temple.
  3849 | D:4      | Found a shattered altar of Ashenzari.
  3979 | D:5      | Entered Level 5 of the Dungeon
  4072 | D:5      | Reached skill level 7 in Axes
  4102 | D:5      | Found a stormy altar of Qazlal.
  4207 | D:5      | Reached skill level 5 in Unarmed Combat
  4606 | D:5      | Found an ornate altar of the Wu Jian Council.
  4892 | D:6      | Reached skill level 8 in Axes
  4894 | D:6      | HP: 2/69 [steam dragon/ball of steam (14)]
  4895 | D:6      | Engulfed by a steam dragon's steam

Vault maps used:
D:1:      elethiomel_arrival_shortcut, st_stairs_4, minmay_misc_feat_room,
          minmay_pentomino_x2
D:2:      zin_academy, grunt_ministairs_9
D:3:      minmay_roachtagon, bloody_trog, chequers_ecumenical_altar_simple,
          serial_bayou_crossing
D:4:      kennysheep_little_box, vehumet_altar_wand_db,
          grunt_temple_overflow_open, lemuel_round_altar, cheibriados_altar_1,
          minmay_temple_entry_butterflies, first_ration,
          kennysheep_okawaru_gauntlet, uniq_ijyb, uniq_edmund,
          uniq_blork_the_orc, uniq_pikel
D:5:      lemuel_crystal_altar, nicolae_qazlal_general_emergency, serial_glass,
          glass_columns_b, glass_columns_c
D:6:      cheibrodos_steamvent, st_stairs_8, uniq_eustachio

Skill      XL: |  1  2  3  4  5  6  7  8 |
---------------+-------------------------+-----
Unarmed Combat | 1 2 3 4 5 |  5.2
Fighting       | 4 5 |  5.6
Axes           | 3 4 6 8 |  8.1
Armour         | 4 5 |  5.9
Shields        | 4 5 6 |  6.3
Dodging        | 1 2 |  2.2

Action                   |  1- 3 |  4- 6 |  7- 9 || total
-------------------------+-------+-------+-------++-------
Melee: War axe           |    77 |   139 |    81 ||   297
       Headbutt          |    13 |    22 |    19 ||    54
       Hand axe          |       |    42 |       ||    42
Evoke: Wand              |       |       |     1 ||     1
  Use: Scroll            |     7 |     5 |     1 ||    13
       Potion            |       |     3 |     2 ||     5
  Eat: Chunk             |       |     4 |       ||     4
       Ration            |       |     1 |     3 ||     4
Armor: Scale mail        |    48 |    26 |       ||    74
       Chain mail        |       |    80 |    39 ||   119
Dodge: Dodged            |    31 |    64 |    19 ||   114
Block: Shield            |    50 |   114 |    40 ||   204

Table legend:
 A = Non-vault XP
 B = Vault XP
 C = Vault XP percentage of total XP
 D = Non-vault monster count
 E = Vault monster count
 F = Vault count percentage of total count
                 A         B        C        D         E       F
            +---------+---------+-------+---------+---------+-------
      Total |    1181 |    1122 |  48.7 |     103 |      22 |  17.6
            +---------+---------+-------+---------+---------+-------
        D:1 |      59 |       3 |   4.8 |      25 |       3 |  10.7
        D:2 |      87 |       4 |   4.4 |      25 |       2 |   7.4
        D:3 |     130 |      21 |  13.9 |      26 |      11 |  29.7
        D:4 |     262 |     913 |  77.7 |      11 |       5 |  31.2
        D:5 |     643 |       0 |   0.0 |      16 |       0 |   0.0
        D:6 |       0 |     181 | 100.0 |       0 |       1 | 100.0
            +---------+---------+-------+---------+---------+-------
